Unix NetHack Version 5.0.0-0 post-release - last build May 17 2026 04:57:42 (dc50c8380fa5e20985bfe3072449f57b8d9895ef,branch:main).

Game began 2026-05-19 17:49:40, ended 2026-05-19 18:24:49.

BeardyHaddock, neutral male gnomish Archeologist

                   ----
                  --..-- ---     -----
                ---....|--.|    --...|    ---
                |......--..--  --....| ---..---
               --...........-- |.....--.|.....|
               |..>..........-- -...........  |
              --..........*...| --.......- ...|
             --...............| |...........-
            --.....^....---.-----.*.....-----  ----
           --..........--  -- |...|.....|      -..
         ---..........--      -...|....-|       ..
         |......*.....|       `.....|...--     -.-
         -....--.--.---       --...-|....| -----.|                 -- ---
        -..---...|---         |..-----..-- |.....--------          .....-----
       ...----.---            |.--   |..|---.o@.................:.............|
      ----|...*--             |.|   --..--..)f`...------    ----    --      ---
          |.....-------      --.|  --........)...--
          -----.....|.|      |..| --............%--
              ----....--------..---..----)....|...|
                 --.................--  ---..---.--
                  -------------------     ---- ---
BeardyHaddock the Field Worker  St:15 Dx:8 Co:14 In:19 Wi:12 Ch:8  Neutral
Dlvl:5  $:114 HP:0(40) Pw:22(22) AC:3  Xp:5 T:4374 

Latest messages:
 The Uruk-hai picks up a coarse mantelet.
 Garfield bites the Uruk-hai.
 The Uruk-hai wields a crude short sword!
 Garfield bites the Uruk-hai.
 You stop digging.
 Garfield misses the Uruk-hai.
 Garfield bites the Uruk-hai.
 The Uruk-hai is killed!
 You miss the Uruk-hai.
 The Uruk-hai swings his crude bow.
 The Uruk-hai hits!
 The Uruk-hai picks up an iron skull cap.
 Garfield bites the Uruk-hai.
 You hear crashing rock.
 Are you sure you want to pray? [yn] (n) y
 You begin praying to Camaxtli.
 You are surrounded by a shimmering light.
 The Uruk-hai starts to attack you, but pulls back.
 Garfield bites the Uruk-hai.
 Garfield bites the Uruk-hai.
 The Uruk-hai swings his crude bow at Garfield.
 The Uruk-hai hits Garfield.
 The Uruk-hai starts to attack you, but pulls back.
 The Uruk-hai picks up a crude short sword.
 Garfield bites the Uruk-hai.
 The Uruk-hai is killed!
 Garfield eats an Uruk-hai corpse.
 You finish your prayer.
 You feel that Camaxtli is well-pleased.
 You feel much better.
 You miss the Uruk-hai.
 The Uruk-hai swings his crude bow.
 The Uruk-hai hits!
 You miss the Uruk-hai.
 The Uruk-hai swings his crude bow.
 The Uruk-hai hits!
 You kill the Uruk-hai!
 There are several objects here.
 The Uruk-hai wields a crude short sword!
 The Uruk-hai thrusts his crude short sword.
 The Uruk-hai hits!
 You hit the Uruk-hai.
 The Uruk-hai thrusts his crude short sword.
 The Uruk-hai hits!
 You hit the Uruk-hai.
 The Uruk-hai thrusts his crude short sword.
 The Uruk-hai hits!
 You die...
 Do you want your possessions identified? [ynq] (y) y
 Do you want to see your attributes? [ynq] (y) q

Inventory:
 Coins    ('$')
  $ - 114 gold pieces
 Weapons  (')')
  n - 4 +0 darts
  a - a +2 bullwhip (alternate weapon; not wielded)
  P - a +0 dwarvish mattock (weapon in hands)
  y - a +0 long sword
 Armor    ('[')
  A - an uncursed +0 dwarvish iron helm (being worn)
  B - an uncursed +0 pair of iron shoes (being worn)
  W - an uncursed +0 leather cloak (being worn)
  X - an uncursed +0 leather armor (being worn)
 Comestibles  ('%')
  d - 4 uncursed food rations
  V - 2 uncursed food rations
 Scrolls  ('?')
  J - an uncursed scroll of blank paper
  H - an uncursed scroll of food detection
  U - an uncursed scroll of identify
 Potions  ('!')
  T - an uncursed potion of healing
 Wands    ('/')
  K - a wand of light (0:12)
 Tools    ('(')
  h - an empty uncursed sack
  F - a cursed blindfold
  E - an uncursed leash
  N - an uncursed oil lamp
  o - a cursed skeleton key
  f - a tinning kit (0:58)
 Gems/Stones  ('*')
  g - an uncursed touchstone

BeardyHaddock the Archeologist's attributes:

Background:
 You were a Field Worker, a level 5 male gnomish Archeologist.
 You were neutral, on a mission for Camaxtli
 who was opposed by Quetzalcoatl (lawful) and Huhetotl (chaotic).
 You were right-handed.
 You were in the Gnomish Mines, on level 5.
 You entered the dungeon 4374 turns ago.
 There was a new moon in effect when your adventure ended.
 You had 198 experience points, 122 more were needed to attain level 6.

Basics:
 You had 0 out of 40 hit points.
 You had all 22 energy points (spell power).
 Your armor class was 3.
 Your wallet contained 114 zorkmids.
 Autopickup was off.

Final Characteristics:
 Your strength was 15 (peak:16, limit:18/50).
 Your dexterity was 8 (limit:18).
 Your constitution was 14 (limit:18).
 Your intelligence was 19 (limit:19).
 Your wisdom was 12 (limit:18).
 Your charisma was 8 (limit:18).

Final Status:
 You weren't hungry.
 You were unencumbered.
 You were wielding a mattock.
 You had basic skill with pick-axe and could have enhanced that.

Final Attributes:
 You were piously aligned.
 You had automatic searching.
 You had infravision.
 You were stealthy.
 You were warded.
 You are dead.

Miscellaneous:
 You didn't encounter any bones levels.
 Total elapsed playing time was 35 minutes and 9 seconds.

Major events:
 Turn
    1: BeardyHaddock the neutral male gnomish Archeologist entered the dungeon
 1471: attained the rank of Field Worker (level 3)
 1786: entered the Gnomish Mines
 3683: reached Mine Town
 4374: killed by an Uruk-hai

Spells:
 Name                 Level Category     Fail Retention
 chain lightning        2   attack        86%  76%-100%

Skills:
 Fighting Skills
   bare handed combat [Unskilled]
   two weapon combat  [Unskilled]
   riding             [Unskilled]
 Weapon Skills
   dagger             [Unskilled]
   knife              [Unskilled]
   pick-axe           [Basic]
   short sword        [Unskilled]
   saber              [Unskilled]
   club               [Unskilled]
   quarterstaff       [Unskilled]
   sling              [Unskilled]
   dart               [Unskilled]
   boomerang          [Unskilled]
   whip               [Basic]
   unicorn horn       [Unskilled]
 Spellcasting Skills
   attack spells      [Unskilled]
   healing spells     [Unskilled]
   divination spells  [Unskilled]
   matter spells      [Unskilled]

Voluntary challenges:
 Character rerolling was not enabled.
 You never genocided any monsters.
 You never polymorphed an object.
 You never changed form.
 You used no wishes.
Achievements:
 You attained the rank of Field Worker.
 You entered a shop.
 You entered the Gnomish Mines.
 You entered Minetown.
 You entered a temple.

 The Dungeons of Doom: levels 1 to 3
    Level 1:
    Level 2:
       A general store, a fountain.
       Stairs down to The Gnomish Mines.
    Level 3:
 The Gnomish Mines: levels 3 to 6
    Level 3:
    Level 4:
    Level 5: <- You were here.
       Final resting place for
          you, killed by an Uruk-hai.
    Level 6:
       Some shops, a temple and an altar, some fountains.


Vanquished creatures:
  2 watchmen
  4 Uruk-hai
  a rock mole
  a violet fungus
  a gnomish wizard
  a kobold mummy
  2 gray oozes
  a floating eye
  4 dwarves
  a homunculus
  a kobold leader
  3 rothes
 an orc zombie
  4 dwarf zombies
  a wererat
  5 iguanas
 an acid blob
  2 coyotes
  2 hobbits
  a hobgoblin
  3 giant rats
  2 cave spiders
  a brown mold
  a yellow mold
  6 gnomes
  2 gnome zombies
  6 geckos
 10 jackals
  3 foxes
  2 kobolds
  a goblin
  2 sewer rats
  6 grid bugs
  7 lichens
  2 kobold zombies
  7 newts
100 creatures vanquished.

No species were genocided or became extinct.

Game over:
                       ----------
                      /          \
                     /    REST    \
                    /      IN      \
                   /     PEACE      \
                  /                  \
                  |  BeardyHaddock   |
                  |      114 Au      |
                  |   killed by an   |
                  |     Uruk-hai     |
                  |                  |
                  |                  |
                  |       2026       |
                 *|     *  *  *      | *
        _________)/\\_//(\/(/\)/\//\/|_)_______

Goodbye BeardyHaddock the Archeologist...

You died in The Gnomish Mines on dungeon level 5 with 1175 points,
and 114 pieces of gold, after 4374 moves.
You were level 5 with a maximum of 40 hit points when you died.

